 Dungeon Crawl Stone Soup version 0.20.1-1-g8b1a95d (webtiles) character file.

35 raph the Grave Robber (level 3, 0/30 HPs)
             Began as a Deep Dwarf Necromancer on Nov 3, 2017.
             Slain by Sigmund
             ... wielding a +0 scythe
              (6 damage)
             ... on level 2 of the Dungeon.
             The game lasted 00:03:05 (1267 turns).

raph the Grave Robber (Deep Dwarf Necromancer)      Turns: 1267, Time: 00:03:05

Health: 0/30       AC:  4    Str: 11    XL:     3   Next: 16%
Magic:  0/5        EV: 12    Int: 16    God:
Gold:   88         SH:  0    Dex: 13    Spells: 0/5 levels left

rFire    . . .     SeeInvis .   h - +0 short sword
rCold    . . .     Gourm    .   (no shield)
rNeg     . . .     Faith    .   p - +0 leather armour
rPois    .         Spirit   .   d - +0 helmet
rElec    .         Reflect  .   (no cloak)
rCorr    .         Harm     .   (no gloves)
MR       .....                  (no boots)
Stlth    ++........             (no amulet)
Regen    0.0/turn               s - ring of wizardry
MPRegen  0.1/turn               (no ring)

@: non-regenerating
A: damage resistance, heal wounds, sense surroundings 1, no regeneration
a: Heal Wounds


You were on level 2 of the Dungeon.
You were not hungry.

You visited 1 branch of the dungeon, and saw 2 of its levels.

You collected 88 gold pieces.

Inventory:

Hand Weapons
 h - a +0 short sword (weapon)
Armour
 a - a +0 robe
 d - a +0 helmet (worn)
 n - a +0 buckler
 p - a +0 leather armour (worn)
Jewellery
 s - a ring of wizardry (left hand)
Scrolls
 e - 2 scrolls of remove curse {unknown}
 g - a scroll of enchant weapon {unknown}
 i - a scroll of recharging {unknown}
 j - 2 scrolls of identify {unknown}
 k - a scroll of noise {unknown}
 l - 5 scrolls of teleportation {unknown}
 q - 2 scrolls of fear {unknown}
Potions
 f - a potion of mutation {unknown}
 m - a potion of ambrosia {unknown}
 r - a potion of curing {unknown}
Books
 b - a book of Necromancy

   Spells                             Type                      Level
   a - Pain                           Necromancy                   1
   b - Animate Skeleton               Necromancy                   1
   c - Vampiric Draining              Necromancy                   3
   d - Regeneration                   Charms/Necromancy            3
   e - Animate Dead                   Necromancy                   4
   f - Control Undead                 Necromancy                   4
Comestibles
 c - 2 bread rations
 o - a meat ration
 t - 2 chunks of flesh


   Skills:
 + Level 0.5 Fighting
 + Level 2.6 Dodging
 + Level 3.2 Stealth
 + Level 0.0 Shields
 + Level 1.9 Spellcasting
 * Level 4.7 Necromancy


You couldn't memorise any spells.
You knew the following spells:

 Your Spells              Type           Power        Failure   Level  Hunger
a - Pain                  Necr           ###.         1%          1    #......
b - Animate Skeleton      Necr           N/A          1%          1    #......
c - Vampiric Draining     Necr           ###.......   4%          3    ###....


Dungeon Overview and Level Annotations

Branches:
Dungeon (2/15)

Altars:

Annotations:
D:2 Sigmund


Innate Abilities, Weirdness & Mutations

You are resistant to damage.
You can heal yourself by infusing magical energy.
You passively map a small area around you.
You do not regenerate.


Message History

* * * LOW HITPOINT WARNING * * *
You closely miss Sigmund.
Sigmund is severely wounded.
Sigmund closely misses you.
You hit Sigmund.
Sigmund is almost dead.
Sigmund barely misses you.
You hit Sigmund but do no damage.
Sigmund is almost dead.
You hit Sigmund.
Sigmund is almost dead.
Sigmund closely misses you.
You hit Sigmund but do no damage.
Sigmund is almost dead.
Sigmund says, "You will soon forget everything."
Sigmund casts a spell.
Sigmund flickers and vanishes!
Deactivating autopickup; reactivate with Ctrl-A.
You closely miss something. Something hits you!
You die...

* ########### *
*, ......{@..#
, ,*
*#########.# *
#.#
###########.#
*,
#.........>.#
##*
###.########..#
.,, #...# #..#
######.### #).#
.......# #..#


There were no monsters in sight!

Vanquished Creatures
  2 dart slugs
  3 giant cockroaches (D:2)
  3 goblins
  3 hobgoblins
  3 bats (D:1)
  2 frilled lizards (D:1)
  8 kobolds
  2 rats (D:1)
26 creatures vanquished.

Vanquished Creatures (collateral kills)
  2 bats (D:1)
  A rat (D:1)
3 creatures vanquished.

Grand Total: 29 creatures vanquished

Notes
Turn   | Place    | Note
-------+----------+-------------------------------------------
     0 | D:1      | raph the Deep Dwarf Necromancer began the quest for the Orb.
     0 | D:1      | Reached XP level 1. HP: 15/15 MP: 3/3
    28 | D:1      | Learned a level 1 spell: Animate Skeleton
   303 | D:1      | Reached XP level 2. HP: 21/24 MP: 0/4
  1051 | D:2      | Reached XP level 3. HP: 23/30 MP: 5/5
  1056 | D:2      | Learned a level 3 spell: Vampiric Draining
  1235 | D:2      | Noticed Sigmund
  1267 | D:2      | Slain by Sigmund

Skill      XL: |  1  2 |
---------------+-------+-----
Stealth        | 3 |  3.2
Fighting       | |  0.5
Dodging        | |  2.6
Spellcasting   | |  1.9
Necromancy     | |  4.7

Action                   || total
-------------------------++-------
Melee: Short sword       ||    53
 Cast: Pain              ||    43
       Animate Skeleton  ||    10
       Vampiric Draining ||     1
 Abil: Heal Wounds       ||     1
 Stab: Sleeping          ||     2
  Eat: Chunk             ||     2
Armor: Robe              ||     8
       Leather armour    ||    16
Dodge: Dodged            ||    44
